[Event "*** Titled Tuesday 3|2 Blitz (Late)"]
[Site "Chess.com"]
[Date "2016.12.06"]
[Round "1"]
[White "GM_Barcenilla"]
[Black "chessking2151"]
[Result "0-1"]
[WhiteElo "2657"]
[BlackElo "2375"]
[TimeControl "180+2"]
[EndTime "17:08:32 PST"]
[Termination "chessking2151 won by resignation"]

1. c4 Nf6 2. g3 e6 3. Bg2 d5 4.
Nf3 Be7 5. O-O O-O 6. b3 Ne4 7. Bb2 Bf6 8. Qc2 Bxb2 9. Qxb2 Qf6 10. d4 c5 11. Nc3 Nxc3 12. Qxc3 Nc6 13. Rfd1 Rd8 14.
cxd5 Rxd5 15. e3 Qd8 16. Ne5 cxd4 17. Nxc6 bxc6 18. Qxc6 Bd7 19. Qb7 Rb8 20. Qxa7 Rd6 21. Rxd4 Rxd4 22. Qxd4 Qc7 23. Rd1 Be8 24. h4 f6 25. Qd6 Qxd6 26. Rxd6 Kf7 27. Bh3 e5 28. Be6+ Ke7 29. Ra6 Bb5 30. Ra7+ Kxe6 31. Rxg7 h5 32.
Ra7 Be2 33. f4 e4 34. Kf2 Bf3 35. Rc7 Ra8 36. Rc2 Ra3 37. b4 Ra4 38. Rb2 Kd6 39. b5 Kc7 40. b6+ Kb7 41. Rd2 Kxb6 42. Rd6+ Kc7 43.
Rxf6 Rxa2+ 44. Kf1 Ra1+ 45. Kf2 Ra2+ 46. Kf1 Re2 47. f5 Rxe3 48. Rg6 Ra3 49. Kf2 Bg4 50. Re6 Rf3+ 51. Kg2 Rxf5 52. Re8 Bf3+ 53. Kf2 Ra5 54. Ke3 Rf5 55. Re6 Kd7 56. Rg6 Bg2 57. Rh6 Rf3+ 58.
Kxe4 Rf6+ 0-1

[Event "*** Titled Tuesday 3|2 Blitz (Late)"]
[Site "Chess.com"]
[Date "2016.12.06"]
[Round "1"]
[White "Apocalyps999"]
[Black "ecwinslow"]
[Result "1-0"]
[WhiteElo "2419"]
[BlackElo "2049"]
[TimeControl "180+2"]
[EndTime "17:08:32 PST"]
[Termination "Apocalyps999 won by resignation"]

1. e4 c5 2. Nf3 d6 3. d4 cxd4 4. Nxd4 Nf6 5. Nc3 a6 6. Bg5 e6 7. f4 Nbd7 8. Qf3 Qc7 9. O-O-O Be7 10. g4 b5 11. Bxf6 Nxf6 12. g5 Nd7 13. f5 Nc5 14. f6 gxf6 15. gxf6 Bf8 16. Rg1 h5 17. Bh3 Bd7 18. Kb1 b4 19. Nd5 exd5 20. exd5 Bxh3 21.
Qxh3 Qd7 22. Qf3 O-O-O 23. Nc6 Re8 24. Nxb4 Qb5 25. Nc6 Kb7 26. Ka1 a5 27. Rg7 Qe2 28. Rxf7+ Kb6 29. Qh1 Bh6 30. Nd4 Qe4 31. Qf1 Qxd4 32.
Rxd4 Re3 33. a4 Nxa4 34. Rxa4 Rhe8 35. Ka2 Re2 36. Re7 R8xe7 37. fxe7 Rxe7 38. Qf6 1-0

[Event "*** Titled Tuesday 3|2 Blitz (Late)"]
[Site "Chess.com"]
[Date "2016.12.06"]
[Round "1"]
[White "SenseiJulio"]
[Black "nonsopolo1"]
[Result "1-0"]
[WhiteElo "2527"]
[BlackElo "2190"]
[TimeControl "180+2"]
[EndTime "17:08:45 PST"]
[Termination "SenseiJulio won on time"]

1. d4 Nf6 2. c4 g6 3. Nc3 Bg7 4.
e4 d6 5. h3 O-O 6. Be3 a6 7.
Bd3 Nc6 8. d5 Ne5 9. Be2 c5 10.
f4 Ned7 11. Nf3 Ne8 12. O-O Rb8 13. a4 Qa5 14. Qd2 Qb4 15. Ra3 Qa5 16. Kh1 e6 17.
dxe6 fxe6 18. Ng5 Nb6 19. Kh2 h6 20. Nf3 Kh7 21. Nh4 Qb4 22. e5 Nxc4 23. Qd3 Nxa3 24. bxa3 Qxa3 25. Nxg6 Rf5 26. Ne7 c4 27. Qc2 d5 28.
Nxf5 exf5 29. Nxd5 Be6 30. Nc3 b5 31. axb5 axb5 32.
g4 b4 33. gxf5 Qxc3 34. Qxc3 bxc3 35. fxe6 Rb2 36. Re1 Bf8 37. Kg3 Bb4 38. Bxc4 c2 39. Rc1 Ba3 40. Rxc2 Rxc2 41. Bd3+ Kg7 42. Bxc2 Be7 43.
f5 Bd8 44. Bd4 Be7 45. Kg4 h5+ 46. Kxh5 1-0

[Event "*** Titled Tuesday 3|2 Blitz (Late)"]
[Site "Chess.com"]
[Date "2016.12.06"]
[Round "1"]
[White "FLchessplayer"]
[Black "GianmarcoVaR"]
[Result "0-1"]
[WhiteElo "2031"]
[BlackElo "2411"]
[TimeControl "180+2"]
[EndTime "17:08:55 PST"]
[Termination "GianmarcoVaR won by resignation"]

1. e4 c6 2. d4 d5 3. exd5 cxd5 4. Bd3 Nc6 5. c3 Nf6 6. Bf4 Bg4 7. Qb3 Qc8 8. Nd2 e6 9. Ngf3 Be7 10. Ne5 Nxe5 11. Bxe5 O-O 12. O-O Bh5 13. Rae1 Nd7 14. Bg3 Re8 15.
Qc2 Nf8 16. Re5 Bg6 17. Bxg6 Nxg6 18. Re2 b5 19. Rfe1 b4 20. f4 Qc6 21. Nf3 bxc3 22. bxc3 Rac8 23. Re3 Bf6 24. f5 exf5 25. Qxf5 Rxe3 26.
Rxe3 Rd8 27. h4 h6 28. Ne5 Bxe5 29. Bxe5 Nxh4 30. Qg4 Ng6 31. Bg3 Qc8 32. Qe2 Kh7 33. Kf1 f5 34. Rf3 Re8 35. Qd3 Re4 36. Qb5 Qe6 37. Qb8 f4 38. Bf2 Qa6+ 39. Kg1 Qxa2 40. Qc7 a5 41. Qf7 a4 42. g3 Qe2 43. Rxf4 Rxf4 44. gxf4 Qg4+ 45. Kf1 Nxf4 46. Qe8 Qd1+ 47. Be1 Qf3+ 48. Bf2 Qh1+ 49. Bg1 Qg2+ 50. Ke1 Qxg1+ 51. Kd2 Qf2+ 52. Kd1 Nd3 53. Qxa4 Nb2+ 0-1

[Event "*** Titled Tuesday 3|2 Blitz (Late)"]
[Site "Chess.com"]
[Date "2016.12.06"]
[Round "1"]
[White "Bishops83"]
[Black "Fandorine"]
[Result "0-1"]
[WhiteElo "2282"]
[BlackElo "2621"]
[TimeControl "180+2"]
[EndTime "17:09:00 PST"]
[Termination "Fandorine won by resignation"]

1. e4 c5 2. Nf3 d6 3. Bb5+ Bd7 4.
Bxd7+ Nxd7 5. O-O Ngf6 6. Qe2 Rc8 7. c3 Ne5 8. d4 cxd4 9. cxd4 Nxf3+ 10. Qxf3 e6 11. Nc3 Be7 12. d5 e5 13. Bg5 Nd7 14. Be3 a6 15. Rac1 O-O 16. Ne2 Qa5 17. a3 Qb5 18. b4 g6 19. Bh6 Rfe8 20. Rxc8 Rxc8 21.
Rc1 Rxc1+ 22. Nxc1 Qc4 23. Qd3 Nb6 24. Be3 f5 25. f3 f4 26. Bd2 h5 27. Kf1 Kf7 28. Ke2 Qc8 29. Qc3 Qd7 30. Nb3 g5 31. Na5 g4 32. Be1 Bd8 33. Qc2 Nc8 34.
Bf2 Bxa5 35. bxa5 Ne7 36. Bb6 gxf3+ 37. Kxf3 Qg4+ 38. Kf2 Qh4+ 39. Kf1 Qxh2 40. Qc7 f3 41. gxf3 Qg3 42. Qxd6 Qxf3+ 43. Bf2 Qh1+ 44. Bg1 Qxe4 45.
Qe6+ Ke8 46. d6 Qf5+ 47. Qxf5 Nxf5 48. Bc5 Kd7 0-1

[Event "*** Titled Tuesday 3|2 Blitz (Late)"]
[Site "Chess.com"]
[Date "2016.12.06"]
[Round "1"]
[White "Rumpel-VK"]
[Black "visa"]
[Result "1-0"]
[WhiteElo "2462"]
[BlackElo "2151"]
[TimeControl "180+2"]
[EndTime "17:09:26 PST"]
[Termination "Rumpel-VK won on time"]

1. e4 d6 2. d4 Nf6 3. Nc3 e5 4. Nf3 Nbd7 5. Bc4 Be7 6. a4 c6 7. O-O Qc7 8. Re1 a5 9. Nh4 g6 10. Ba2 h6 11. dxe5 dxe5 12. Be3 Nh7 13. Nf3 g5 14.
Nd2 Ndf8 15. Nf1 Ng6 16. Ng3 Nf4 17. Nf5 Bxf5 18. exf5 Nf6 19. Bxf4 gxf4 20. Qe2 Bd6 21. Qc4 Rh7 22. Qxf4 Kf8 23. Qh4 Be7 24. Ne4 Nxe4 25. Qxe4 Bf6 26. Rad1 Rg7 27. Rd3 Rd8 28. Rxd8+ Qxd8 29. Bc4 h5 30. Be2 h4 31. Rd1 Qb6 32. b3 Qb4 33. Qxb4+ axb4 34. g4 hxg3 35. hxg3 Ke7 36. a5 Bg5 37. a6 bxa6 38. Ra1 Rg8 39. Rxa6 Rc8 40. Bf3 c5 41. Bd5 f6 42. Re6+ Kd7 43.
Kg2 Rb8 44. Rc6 Rb5 45. Ra6 Kc7 46. f4 exf4 47. gxf4 Bxf4 48. Rxf6 Be5 49. Rc6+ Kd7 50. Re6 Bd4 51. Bc6+ Kc7 52. Bxb5 1-0

[Event "*** Titled Tuesday 3|2 Blitz (Late)"]
[Site "Chess.com"]
[Date "2016.12.06"]
[Round "1"]
[White "SwiftyMcBishop"]
[Black "GrigorGrigorov"]
[Result "0-1"]
[WhiteElo "2118"]
[BlackElo "2457"]
[TimeControl "180+2"]
[EndTime "17:09:31 PST"]
[Termination "GrigorGrigorov won by resignation"]

1. e4 g6 2. d4 Bg7 3. f4 Nf6 4.
Bd3 d5 5. e5 Ne4 6. Nf3 c5 7. c3 Nc6 8. Be3 cxd4 9. Nxd4 Nc5 10. Bc2 Ne6 11. O-O Nexd4 12. cxd4 Bf5 13. Nc3 Bxc2 14.
Qxc2 Qd7 15. Qb3 Rd8 16. Na4 b6 17. Rac1 O-O 18. a3 Na5 19. Qc2 Rc8 20. Nc3 Nc4 21.
Bf2 Bh6 22. g3 f6 23. Rce1 e6 24. exf6 Rxf6 25. Qe2 Bg7 26. Qg4 Nxb2 27. Nb1 Rf5 28. Re3 Bxd4 29. Re2 Bg7 30. Nd2 Nd3 31. Nf3 Bf6 32.
Bd4 Nc5 33. Rfe1 Ne4 34. Bxf6 Rxf6 35. Ng5 Nxg5 36. Qxg5 Kg7 37. Qg4 Rc6 38. h4 h5 39.
Qf3 d4 40. Qd3 Rc3 41. Qe4 Rxg3+ 42. Kh2 Rg4 43. Rf2 Rxh4+ 44. Kg3 Rg4+ 45. Kh3 Qd6 46. Ref1 Qxa3+ 47. Rf3 Qd6 48. Qb7+ Rf7 49. Qe4 Qd5 50.
Qe2 Qf5 51. Kh2 Rh4+ 52. Kg2 Rg4+ 53. Kf2 Rxf4 54. Kg1 Rxf3 0-1

[Event "*** Titled Tuesday 3|2 Blitz (Late)"]
[Site "Chess.com"]
[Date "2016.12.06"]
[Round "1"]
[White "Alexander_Moskalenko"]
[Black "hypert"]
[Result "1/2-1/2"]
[WhiteElo "2604"]
[BlackElo "2284"]
[TimeControl "180+2"]
[EndTime "17:09:32 PST"]
[Termination "Game drawn by agreement"]

1. d4 Nf6 2. Nf3 e6 3. e3 d5 4. Bd3 c5 5. c3 Be7 6. Nbd2 O-O 7. O-O b6 8. Qe2 a5 9. e4 dxe4 10.
Nxe4 Bb7 11. Nxf6+ Bxf6 12. Bf4 Nd7 13. Bd6 Be7 14.
Bxe7 Qxe7 15. Rfe1 Rad8 16. Be4 Bxe4 17. Qxe4 Nf6 18.
Qe2 cxd4 19. Nxd4 Qc5 20. Rad1 Rd5 21. h3 h6 22. Nb3 Qc7 23. Rxd5 Nxd5 24. Nd4 Rd8 25.
g3 Nf6 26. Kg2 Qb7+ 27. Qf3 Qxf3+ 28. Kxf3 Kf8 29. Re5 Rd5 30. Rxd5 Nxd5 31. Nc6 Ke8 32. Ke4 f6 33. c4 Nc7 34. f4 Kd7 35. Nd4 Kd6 36.
a3 Kc5 37. Kd3 a4 38. Ne2 b5 39. cxb5 Nxb5 40. Nc3 Nxc3 41. Kxc3 e5 42. fxe5 fxe5 43.
b4+ axb3 44. Kxb3 Kd4 45. a4 Kd3 46. a5 e4 47. a6 e3 48. a7 e2 49. a8=Q e1=Q 50.
Qd5+ Ke2 51. Qe5+ Kf2 52. Qxg7 Qe3+ 53. Kc4 Qe6+ 54. Kd4 Qxh3 55. Ke4 Qxg3 56. Qxh6 Qg4+ 57. Ke5 Qg3+ 58. Kd5 Qf3+ 59. Kd4 Qd1+ 60. Kc3 Qf3+ 61. Kd2 1/2-1/2

[Event "*** Titled Tuesday 3|2 Blitz (Late)"]
[Site "Chess.com"]
[Date "2016.12.06"]
[Round "1"]
[White "Pierrebl"]
[Black "Alliswell998"]
[Result "1-0"]
[WhiteElo "2452"]
[BlackElo "2116"]
[TimeControl "180+2"]
[EndTime "17:09:36 PST"]
[Termination "Pierrebl won on time"]

1. e4 c5 2. Nf3 d6 3. d4 cxd4 4. Nxd4 Nf6 5. Nc3 a6 6. h3 e5 7.
Nde2 h5 8. g3 Be7 9. Bg2 Be6 10.
O-O Nc6 11. Bg5 Rc8 12. h4 b5 13. Rc1 b4 14. Bxf6 Bxf6 15. Nd5 Bxd5 16. Qxd5 Ne7 17.
Qd3 Qb6 18. Rfd1 Rc6 19. c3 bxc3 20. Rxc3 Rxc3 21. Nxc3 O-O 22. b3 Qd4 23. Qf3 Qb4 24. Bf1 Rc8 25. Bc4 a5 26. Rd3 Qa3 27. Qxh5 g6 28. Qf3 Kg7 29. h5 gxh5 30. Qxh5 Ng6 31. Kg2 Rh8 32. Qg4 Qc1 33. Nd1 Qh6 34. Kf1 Qh1+ 35.
Ke2 Rh2 36. Qf3 Qg1 37. Rxd6 Nf4+ 38. gxf4 Rh1 39. Qg3+ Qxg3 40. fxg3 Rh2+ 41. Kf3 Rxa2 42.
Rd7 exf4 43. gxf4 Ra1 44. Ne3 a4 45. Nf5+ Kg6 46. Bxf7+ Kh7 47. Bh5+ Kh8 48. bxa4 Rxa4 49. e5 Ra3+ 50. Kg4 Bg7 51. Nxg7 Ra8 52. Nf5 1-0

[Event "*** Titled Tuesday 3|2 Blitz (Late)"]
[Site "Chess.com"]
[Date "2016.12.06"]
[Round "1"]
[White "Kawhi_Leonard2"]
[Black "AlexanderL"]
[Result "0-1"]
[WhiteElo "2226"]
[BlackElo "2567"]
[TimeControl "180+2"]
[EndTime "17:09:37 PST"]
[Termination "AlexanderL won by checkmate"]

1. e4 e6 2. d4 d5 3. Nd2 c5 4. exd5 Qxd5 5. Ngf3 cxd4 6. Bc4 Qd6 7. O-O Nf6 8. Nb3 Nc6 9. Nbxd4 Nxd4 10. Nxd4 a6 11. Re1 Qc7 12. Bf1 Be7 13. b3 O-O 14. Bb2 b5 15. a4 b4 16. Rc1 Nd5 17. Nf5 Bf6 18. Bxf6 Nxf6 19. Ne3 Rd8 20. Bd3 Bb7 21. Qd2 a5 22.
Qe2 Qf4 23. c3 bxc3 24. Rxc3 Ne4 25. Bxe4 Qxe4 26. Rec1 Ba6 27. Qc2 Qxc2 28. R1xc2 h5 29. h4 Rd4 30. g3 Bb7 31. f4 Be4 32. Rc8+ Rxc8 33. Rxc8+ Kh7 34. Rc5 g6 35. Rxa5 Rd3 36. Nc4 Rxg3+ 37. Kf2 Rxb3 38. Nd2 Rb2 39. Ke3 Bd5 40.
Ra7 Kg7 41. a5 Ra2 42. Nb1 Rc2 43. Kd4 Rc4+ 44. Ke5 Re4+ 45. Kd6 Rxf4 46. Nc3 Bf3 47. a6 Rxh4 48. Rc7 Rd4+ 49. Ke5 Rd8 50. a7 h4 51. Kf4 Ba8 52. Kg4 Rd4+ 53. Kh3 g5 54. Rc8 Rd3+ 55.
Kg4 Rg3+ 56. Kh5 Bf3# 0-1

[Event "*** Titled Tuesday 3|2 Blitz (Late)"]
[Site "Chess.com"]
[Date "2016.12.06"]
[Round "1"]
[White "spirals5"]
[Black "jcibarra"]
[Result "0-1"]
[WhiteElo "2281"]
[BlackElo "2632"]
[TimeControl "180+2"]
[EndTime "17:10:15 PST"]
[Termination "jcibarra won by resignation"]

1. e4 e5 2. Nf3 Nc6 3. Bb5 Nf6 4. d3 Bc5 5. O-O Nd4 6. Nxd4 Bxd4 7. c3 Bb6 8. Be3 Bxe3 9. fxe3 c6 10. Bc4 O-O 11.
Bb3 d5 12. exd5 cxd5 13. Nd2 Bg4 14. Qe1 Bh5 15. h3 Re8 16. Qf2 Qd6 17. Qg3 Be2 18. Rf2 Bxd3 19. Re1 Rad8 20. Qf3 h6 21. g4 Re7 22.
Qg3 b5 23. a3 a5 24. h4 e4 25. Qxd6 Rxd6 26. Rg2 Re5 27. Kh2 g5 28. h5 Kg7 29.
Kg3 Ne8 30. Rf2 f5 31. gxf5 Kf6 32. Bd1 Rxf5 33. Nb3 Rxf2 34. Kxf2 a4 35. Nd4 Ng7 36. Bg4 Ke7 37. Kg2 Rf6 38. Rd1 Kd6 39. Rd2 Ke5 40. Rf2 Ne8 41. Rxf6 Nxf6 42. Kg3 Bf1 43. Bd1 Bc4 44.
Nc6+ Kd6 45. Nd4 Ke5 46. Nc6+ Ke6 47. Nd4+ Kf7 48. Nf5 Ng8 49. Bg4 Kf6 50. Kf2 Bb3 51. Ke1 Ke5 52. Nd4 Nf6 53. Be2 Bc4 54. Bd1 Nd7 55. Bg4 Nc5 56. Nf5 Nd3+ 57. Kd2 Nf2 58. Nxh6 Kf6 59. Bd1 Nd3 60. Ng4+ Kf7 61. h6 Nxb2 62. Be2 Bxe2 63. Kxe2 Nc4 64. h7 Kg7 65. Nf6 Nxa3 66. Nxd5 Nc4 67. Nb4 a3 68. Na2 Kxh7 69. Kf2 Kg6 0-1

[Event "*** Titled Tuesday 3|2 Blitz (Late)"]
[Site "Chess.com"]
[Date "2016.12.06"]
[Round "1"]
[White "Buffy7"]
[Black "1e41-0"]
[Result "0-1"]
[WhiteElo "2469"]
[BlackElo "2175"]
[TimeControl "180+2"]
[EndTime "17:10:20 PST"]
[Termination "1e41-0 won on time"]

1. d4 d5 2. Nf3 Nf6 3. c4 c6 4. Nc3 e6 5. Bg5 h6 6. Bxf6 Qxf6 7. e3 Nd7 8. Bd3 Bd6 9. O-O O-O 10. e4 dxe4 11. Nxe4 Qe7 12. Re1 Bc7 13. c5 Nf6 14. Nxf6+ Qxf6 15. Qe2 Rd8 16. Rad1 b6 17. Qe4 Bb7 18.
Ne5 bxc5 19. Nxc6 Bxc6 20. Qxc6 Rac8 21. Qb7 cxd4 22. Qxa7 e5 23. Rc1 Qb6 24. Qxb6 Bxb6 25.
g3 f6 26. b4 Rc3 27. Bc4+ Kf8 28. a4 Rc8 29. Rxc3 dxc3 30. Bb3 Rb8 31. Rc1 Bd4 32. b5 Ra8 33. Kf1 Ke7 34. Ke2 Kd6 35. f3 Kc5 36. Kd3 Kb4 37. Kc2 g5 38. Re1 Kc5 39. Rd1 h5 40. g4 hxg4 41. fxg4 Rh8 42. Rh1 Kb6 43.
h3 Ka5 44. Rh2 e4 45. Re2 Rxh3 46.
Rxe4 Be5 47. Rc4 Rh2+ 48. Kc1 Rb2 49. Bc2 Rb4 50. Rc6 Rxg4 51. b6 Bf4+ 52. Kd1 Rg1+ 53. Ke2 Rg2+ 54. Kd3 Be5 55. Bb3 Rd2+ 56. Ke4 Rd4+ 57.
Ke3 Rb4 58. Bc2 Rxb6 59. Rc5+ Kb4 60. Rc8 Ka3 61. Bd3 Kb2 62. a5 Rb4 63. a6 g4 64.
Ke2 Ra4 65. Rg8 g3 66. Rg6 c2 67. Bxc2 Kxc2 68. Rg4 Rxg4 0-1

[Event "*** Titled Tuesday 3|2 Blitz (Late)"]
[Site "Chess.com"]
[Date "2016.12.06"]
[Round "1"]
[White "anon102030"]
[Black "Viaje"]
[Result "1-0"]
[WhiteElo "2565"]
[BlackElo "2222"]
[TimeControl "180+2"]
[EndTime "17:10:42 PST"]
[Termination "anon102030 won by resignation"]

1. e4 c5 2. Nc3 a6 3. g3 b5 4. Bg2 Bb7 5. d3 e6 6. Be3 Nf6 7. h3 d5 8. exd5 exd5 9. d4 b4 10.
Na4 c4 11. Nf3 Nbd7 12. O-O Bd6 13. Bf4 Bxf4 14. Re1+ Kf8 15. gxf4 Rc8 16. Ne5 g6 17. Qd2 Kg7 18. Qxb4 Qc7 19. Nxd7 Nxd7 20. Re7 Rcd8 21. Rae1 Kf6 22. Nc5 Bc8 23. Qc3 Qd6 24. Qg3 h6 25.
Qh4+ g5 26. fxg5+ hxg5 27. Qg3 Qxg3 28. fxg3 Nxc5 29. dxc5 Bxh3 30. Ra7 Be6 31. Rxa6 d4 32. c6 Rd6 33. Ra5 Rc8 34. Rc5 Rc7 35. Rf1+ Kg6 36. b4 d3 37. cxd3 cxd3 38. b5 d2 39. b6 d1=Q 40. Rxd1 Rxd1+ 41. Kf2 Rd2+ 42. Ke3 Rxa2 43. bxc7 Ra7 44. Be4+ Kf6 45. Kd4 Rxc7 46. Rc1 Ke7 47. Kc5 Rc8 48. Kb6 f5 49. Bg2 f4 50. gxf4 gxf4 51. c7 Rg8 52. Bb7 f3 53. Bxf3 Bc8 54.
Be4 Kd7 55. Bf5+ Kd6 56. Rd1+ Ke7 57. Bxc8 Rxc8 58. Kb7 Rh8 59. c8=Q Rxc8 60. Kxc8 Ke6 61. Kc7 Ke5 62. Kc6 Ke6 63. Re1+ Kf5 64. Kd5 Kf4 65. Re8 Kf3 66. Kd4 Kg4 67. Rf8 Kg5 68. Ke4 Kg4 1-0

[Event "*** Titled Tuesday 3|2 Blitz (Late)"]
[Site "Chess.com"]
[Date "2016.12.06"]
[Round "1"]
[White "silverback96"]
[Black "Wilsonpalencia"]
[Result "0-1"]
[WhiteElo "1963"]
[BlackElo "2403"]
[TimeControl "180+2"]
[EndTime "17:12:15 PST"]
[Termination "Wilsonpalencia won by resignation"]

1. Nf3 d5 2. g3 Nf6 3. Bg2 c6 4. O-O Nbd7 5. d4 e6 6. c4 dxc4 7. a4 a5 8. Qc2 Nb6 9. Nbd2 Be7 10.
Nxc4 Nxc4 11. Qxc4 O-O 12. Re1 Qd5 13. Qc2 Qe4 14.
Qxe4 Nxe4 15. Ne5 Nd6 16. b3 f6 17. Nd3 Rd8 18. Ba3 Nf5 19. Bxe7 Nxe7 20. e3 e5 21. Nc5 b6 22. Nd3 exd4 23. exd4 Kf7 24. Rad1 Rxd4 25. Nb2 Rxd1 26. Rxd1 Be6 27. Nc4 Bxc4 28. bxc4 Ke6 29. Bh3+ f5 30. g4 g6 31. Kf1 Rb8 32. Ke2 b5 33.
cxb5 cxb5 34. axb5 Rxb5 35. Ra1 Nc6 36. gxf5+ gxf5 37. Kf3 Rb4 38. Kg3 a4 39. f4 Rb3+ 40. Kh4 a3 41. Bf1 Kf6 42. Bc4 Rc3 43. Bg8 Ne7 44. Bxh7 Kg7 45. Kg5 Kxh7 46. Kf6 Re3 47. h4 Kh6 48.
Ra2 Kh5 49. Rh2 Ng6 50. Kxf5 Rf3 51. Ke4 Rxf4+ 52. Ke3 Ra4 53. Ra2 Ne5 54. Kd2 Kxh4 55. Kc3 Ra7 56. Kb3 Nd3 57. Rxa3 Nc5+ 58. Kb4 Rc7 59.
Ra1 Nd3+ 60. Kb3 Kg4 61. Ra4+ Kf3 62. Rd4 Ke3 63. Rd8 Nc5+ 64. Kb4 Ne4 65. Kb5 Rc5+ 66. Kb6 Rc4 67. Rd7 Nf2 68. Kb5 Rc1 69. Rd5 Nd3 70.
Rc5 Rxc5+ 71. Ka4 Rc4+ 72. Kb3 Rb4+ 73. Ka2 Kd2 74. Ka1 Kc2 0-1

[Event "*** Titled Tuesday 3|2 Blitz (Late)"]
[Site "Chess.com"]
[Date "2016.12.06"]
[Round "2"]
[White "Genghis_K"]
[Black "CemilCan"]
[Result "1-0"]
[WhiteElo "2687"]
[BlackElo "2524"]
[TimeControl "180+2"]
[EndTime "17:16:34 PST"]
[Termination "Genghis_K won by resignation"]

1. d4 d5 2. Bf4 Nf6 3. e3 c5 4.
Nf3 Nc6 5. Nbd2 e6 6. c3 Bd6 7. Bg3 O-O 8. Bd3 Qc7 9. dxc5 Bxg3 10. hxg3 g6 11. Qa4 e5 12. Qh4 Qd8 13. Qh6 e4 14. Ng5 Re8 15. Be2 Ne5 16. O-O-O Qc7 17. Ndxe4 dxe4 18. Rd6 Be6 19. Nxh7 Nxh7 20. Qxh7+ Kf8 21.
Qh8+ Ke7 22. Qxe5 1-0

[Event "*** Titled Tuesday 3|2 Blitz (Late)"]
[Site "Chess.com"]
[Date "2016.12.06"]
[Round "2"]
[White "FearlessKing64"]
[Black "silverback96"]
[Result "0-1"]
[WhiteElo "1999"]
[BlackElo "1975"]
[TimeControl "180+2"]
[EndTime "17:17:24 PST"]
[Termination "silverback96 won by resignation"]

1. e4 c5 2. Nf3 Nc6 3. d4 cxd4 4.
Nxd4 Nf6 5. Nc3 e5 6. Ndb5 d6 7. Bg5 a6 8. Na3 b5 9. Bxf6 gxf6 10.
Nd5 f5 11. c3 Bg7 12. exf5 Bxf5 13. Nc2 O-O 14. Nce3 Be6 15. Bd3 f5 16. O-O e4 17.
Nf4 Bf7 18. Bc2 Qg5 19. g3 Ne5 20. Bb3 Nf3+ 21. Kg2 Bxb3 22. Qxb3+ Kh8 23. Rad1 Be5 24. Ned5 Qh6 25. Rh1 Rg8 26. a4 Bxf4 27. Nxf4 Qxf4 28. axb5 Nh4+ 29. Kf1 Qf3 30. Rg1 e3 31. Qc2 exf2 32. Qxf2 Qxd1+ 0-1

[Event "*** Titled Tuesday 3|2 Blitz (Late)"]
[Site "Chess.com"]
[Date "2016.12.06"]
[Round "2"]
[White "Izoria123"]
[Black "Bishops83"]
[Result "1-0"]
[WhiteElo "2584"]
[BlackElo "2279"]
[TimeControl "180+2"]
[EndTime "17:17:32 PST"]
[Termination "Izoria123 won by resignation"]

1. e4 c5 2. Nf3 e6 3. c3 Nf6 4. e5 Nd5 5. Bc4 Nb6 6. Bb3 d5 7. d4 Nc6 8. O-O Be7 9. Re1 O-O 10.
Nbd2 Bd7 11. dxc5 Bxc5 12. Bc2 Be7 13. Nb3 Nc4 14. Qd3 g6 15. Nbd4 Qc7 16. Qe2 Rac8 17.
Bd3 Qb6 18. b3 Na3 19. Bd2 Nxd4 20. Nxd4 a6 21. Rac1 Nb5 22. Nf3 Rc7 23. a4 Na7 24.
b4 1-0

[Event "*** Titled Tuesday 3|2 Blitz (Late)"]
[Site "Chess.com"]
[Date "2016.12.06"]
[Round "2"]
[White "Noukii"]
[Black "josiwales"]
[Result "1-0"]
[WhiteElo "2650"]
[BlackElo "2241"]
[TimeControl "180+2"]
[EndTime "17:18:06 PST"]
[Termination "Noukii won by resignation"]

1. d4 Nf6 2. c4 g6 3. Nc3 Bg7 4. Nf3 O-O 5. Bg5 d6 6. e3 Nbd7 7. Be2 c5 8. d5 h6 9. Bh4 g5 10. Bg3 a6 11. a4 Re8 12. Nd2 Nf8 13. Bd3 Ng6 14. Qc2 Ne5 15. Bxe5 dxe5 16. a5 e6 17. e4 exd5 18. cxd5 Nh5 19. Nc4 Nf4 20. Ne3 Bd7 21. Be2 Nxe2 22. Qxe2 Rf8 23. g4 b5 24. axb6 Qxb6 25.
O-O Bb5 26. Qd2 Bxf1 27. Rxf1 Rfb8 28. Rb1 Qb4 29. Nf5 Bf8 30. d6 Rd8 31. Qe3 Bxd6 32. Nxh6+ Kh7 33. Qxg5 Rg8 34. Nxg8 Rxg8 35. Qf5+ Kg7 36.
Nd5 Qd2 37. Ne3 Kf8 38. Rd1 1-0

[Event "*** Titled Tuesday 3|2 Blitz (Late)"]
[Site "Chess.com"]
[Date "2016.12.06"]
[Round "2"]
[White "Wilsonpalencia"]
[Black "MFBerna"]
[Result "1-0"]
[WhiteElo "2411"]
[BlackElo "2205"]
[TimeControl "180+2"]
[EndTime "17:18:53 PST"]
[Termination "Wilsonpalencia won by resignation"]

1. e4 c5 2. Nf3 d6 3. d4 cxd4 4.
Nxd4 Nf6 5. Nc3 e6 6. g4 Nc6 7. g5 Nd7 8. h4 Qc7 9. Be3 a6 10. Qd2 b5 11. Nxc6 Qxc6 12. a3 Ne5 13. O-O-O Bb7 14.
f4 Nc4 15. Bxc4 Qxc4 16. Qf2 Be7 17. h5 O-O-O 18. h6 g6 19. Rd4 Qc6 20. Rhd1 Kb8 21. a4 bxa4 22. Rxa4 Ka8 23. Qd2 Rb8 24. Qd4 Qc5 25. Qd3 Qc6 26. Rc4 Qd7 27. Qd4 Bc8 28.
Qxh8 1-0

[Event "*** Titled Tuesday 3|2 Blitz (Late)"]
[Site "Chess.com"]
[Date "2016.12.06"]
[Round "2"]
[White "nonscitis"]
[Black "Quiet_Desperation"]
[Result "1-0"]
[WhiteElo "2369"]
[BlackElo "2302"]
[TimeControl "180+2"]
[EndTime "17:18:56 PST"]
[Termination "nonscitis won by resignation"]

1. d4 Nf6 2. c4 e6 3. Nf3 Bb4+ 4.
Nbd2 b6 5. a3 Bxd2+ 6. Qxd2 Bb7 7. b4 O-O 8. Bb2 d6 9. e3 Ne4 10. Qc2 Nd7 11. Bd3 f5 12. d5 exd5 13. Nd4 dxc4 14.
Bxc4+ d5 15. Ne6 Qe7 16. Nxf8 Rxf8 17. Ba2 Kh8 18. O-O c5 19. Rad1 d4 20. exd4 Qg5 21. f4 Qh4 22. dxc5 Ndf6 23. c6 Bxc6 24. Qxc6 Ng4 25. h3 Qg3 26. hxg4 Qe3+ 27. Kh1 Ng3+ 28. Kh2 Ne2 29. Bxg7+ Kxg7 30. Qc7+ Kg6 31. Rd6+ Rf6 32. Rxf6+ 1-0

[Event "*** Titled Tuesday 3|2 Blitz (Late)"]
[Site "Chess.com"]
[Date "2016.12.06"]
[Round "2"]
[White "visa"]
[Black "SidArun"]
[Result "1-0"]
[WhiteElo "2157"]
[BlackElo "2071"]
[TimeControl "180+2"]
[EndTime "17:19:10 PST"]
[Termination "visa won by resignation"]

1. e4 c6 2. Bc4 d5 3. Bb3 e6 4.
exd5 exd5 5. d4 Nf6 6. c3 Bd6 7. Nf3 Bg4 8. h3 Bh5 9. g4 Bg6 10. Bg5 Nbd7 11. Qe2+ Qe7 12. Qxe7+ Kxe7 13. Nbd2 Rhe8 14.
O-O-O Kf8 15. Rhe1 Ne4 16. Nxe4 Bxe4 17. Nd2 Bd3 18.
Bc2 Bxc2 19. Kxc2 f6 20. Rxe8+ Rxe8 21. Be3 Kf7 22. Nf1 Nf8 23. Re1 Ng6 24. Ng3 Nf4 25. Nf5 Bb8 26. Bxf4 Rxe1 27. Bxb8 Re2+ 28. Kb3 Rxf2 29.
Nd6+ Ke6 30. Nxb7 Kd7 31. Bxa7 Kc7 32. Nc5 Rf3 33. Ne6+ Kd6 34. Nxg7 Rxh3 35. Bc5+ Kd7 36.
a4 Rg3 37. a5 Rxg4 38. Nh5 Rg6 39. a6 Kc7 40. Nf4 Rg8 41. Ne6+ Kb8 42. Nf8 Rxf8 43.
Bxf8 Ka7 44. Kb4 Kxa6 45. Kc5 Kb7 46. Bh6 f5 47. Kd6 Kb6 48. Ke5 Kb5 49. Kxf5 Kc4 50.
Bf8 Kb3 51. Ba3 1-0

[Event "*** Titled Tuesday 3|2 Blitz (Late)"]
[Site "Chess.com"]
[Date "2016.12.06"]
[Round "2"]
[White "cheese111"]
[Black "Paralinch"]
[Result "0-1"]
[WhiteElo "2247"]
[BlackElo "2645"]
[TimeControl "180+2"]
[EndTime "17:19:21 PST"]
[Termination "Paralinch won by resignation"]

1. e4 c6 2. Nc3 d5 3. Nf3 Bg4 4. h3 Bh5 5. exd5 cxd5 6. Bb5+ Nc6 7. g4 Bg6 8. d4 e6 9. Ne5 Ne7 10. Qe2 a6 11. Nxg6 hxg6 12. Bxc6+ Nxc6 13. Qd3 Bb4 14. Bd2 Qf6 15. Ne2 Bxd2+ 16. Qxd2 Qf3 17. O-O-O Rxh3 18. Rxh3 Qxh3 19. Qf4 Rc8 20. Ng3 Qh8 21. Rh1 Qf8 22. Kb1 Kd7 23. Ne2 f6 24. Rh7 Qg8 25.
Qh2 Qf7 26. c3 g5 27. Qh5 Ke7 28. Qh2 Qg6+ 29. Kc1 Nb4 30. Kd2 Qd3+ 0-1

[Event "*** Titled Tuesday 3|2 Blitz (Late)"]
[Site "Chess.com"]
[Date "2016.12.06"]
[Round "2"]
[White "GrigorGrigorov"]
[Black "DanielNaroditsky"]
[Result "1-0"]
[WhiteElo "2470"]
[BlackElo "2687"]
[TimeControl "180+2"]
[EndTime "17:19:58 PST"]
[Termination "GrigorGrigorov won by resignation"]

1. d4 Nf6 2. c4 e6 3. Nc3 Bb4 4.
e3 b6 5. Ne2 Bb7 6. a3 Be7 7. Nf4 d6 8. Be2 Nbd7 9. Bf3 Bxf3 10. Qxf3 O-O 11. O-O c5 12. d5 Ne5 13.
Qe2 Qc8 14. b3 Ng6 15. Rd1 e5 16. Nd3 e4 17. Nf4 Ne5 18. Qc2 g5 19. Nfe2 Qg4 20.
h3 Qf5 21. Ng3 Qg6 22. Ncxe4 Nxe4 23. Qxe4 f5 24. Qc2 g4 25. Bb2 gxh3 26. Bxe5 dxe5 27. gxh3 Bd6 28. Kh2 e4 29. Rg1 Kf7 30. Rg2 Rg8 31.
Rag1 Qh5 32. Qd1 Rg4 33. Kh1 Rag8 34. Nxh5 1-0